 Dungeon Crawl Stone Soup version 0.19-a0-1341-g3513869 (webtiles) character file.

118 inmateoo the Slasher (level 4, -4/38 HPs)
             Began as a Draconian Fighter on Sept 1, 2016.
             Slain by an ogre
             ... wielding a +0 giant club
              (21 damage)
             ... on level 5 of the Dungeon.
             The game lasted 00:01:15 (435 turns).

inmateoo the Slasher (Draconian Fighter)             Turns: 435, Time: 00:01:15

Health: -4/38      AC:  5    Str: 18    XL:     4   Next: 72%
Magic:  4/4        EV: 11    Int:  9    God:
Gold:   73         SH:  9    Dex: 11    Spells: 0 memorised, 3 levels left

rFire  . . .     SeeInvis .     a - +0 long sword
rCold  . . .     Gourm    .     (armour unavailable)
rNeg   . . .     Faith    .     b - +0 shield
rPois  .         Spirit   .     (helmet restricted)
rElec  .         Dismiss  .     (no cloak)
rCorr  .         Reflect  .     (no gloves)
MR     .....     Harm     .     (no boots)
Stlth  +.........               (no amulet)
                                (no ring)
                                (no ring)

@: no status effects
A: unfitting armour, cold-blooded, AC +5
a: no special abilities


You were on level 5 of the Dungeon.
You were not hungry.

You visited 1 branch of the dungeon, and saw 5 of its levels.

You collected 73 gold pieces.

Inventory:

Hand Weapons
 a - a +0 long sword (weapon)
Armour
 b - a +0 shield (worn)
Wands
 g - a wand of random effects (5/48)
Scrolls
 e - a scroll of remove curse {unknown}
 f - 3 scrolls of identify {unknown}
Potions
 c - a potion of might
 h - a potion of curing {unknown}
Comestibles
 d - a bread ration


   Skills:
 - Level 3.2 Fighting
 * Level 4.2 Long Blades
 + Level 3.5 Dodging
 - Level 3.0 Shields


You had 3 spell levels left.
You didn't know any spells.

Dungeon Overview and Level Annotations

Branches:
Dungeon (5/15)
 Temple: D:4-7

Altars:

Shops:
D:4 }

Annotations:
D:5 Grinder


Innate Abilities, Weirdness & Mutations

Your plain brown scales are hard. (AC +5)
Your body does not fit into most forms of armour.
You are cold-blooded and may be slowed by cold attacks.


Message History

Found a scroll labeled LEIQEC MAIRR.
The ogre barely misses you.
You hit the ogre. You tail-slap the ogre.
The ogre is moderately wounded.
The ogre barely misses you.
You riposte.
You hit the ogre.
Your tail-slap misses the ogre.
The ogre is heavily wounded.
You hit the ogre.
You tail-slap the ogre, but do no damage.
The ogre is severely wounded.
You block the ogre's attack.
You hit the ogre.
The ogre is almost dead.
The ogre hits you with a giant club!!
Ouch! That really hurt!
You closely miss the ogre.
The ogre is almost dead.
The ogre hits you with a giant club!!
Ouch! That really hurt!
You die...

...#........).
##.....##..##.#
...........#.#.#########
#..........###........#
#.....##..#.#.#######.##
#.<.. #..##.## #...
#.#.###..##># ####
####..?.##..##.#
........O@..##.#
.####...##.###..
##.###.# ### ... #.#
#### #.# #.# #.# .#


You could see an ogre.

Vanquished Creatures
  A scorpion (D:4)
  A howler monkey (D:5)
  A hound skeleton (D:4)
  2 adder skeletons (D:4)
  2 dart slugs
  A giant gecko (D:2)
  A goblin (D:1)
  2 jackals (D:4)
  A giant gecko skeleton (D:4)
  2 giant newts
  3 rats
17 creatures vanquished.

Vanquished Creatures (others)
  A quokka (D:5)
1 creature vanquished.

Grand Total: 18 creatures vanquished

Notes
Turn   | Place    | Note
-------+----------+-------------------------------------------
     0 | D:1      | inmateoo the Draconian Fighter began the quest for the Orb.
     0 | D:1      | Reached XP level 1. HP: 19/19 MP: 1/1
   163 | D:2      | Reached XP level 2. HP: 26/26 MP: 2/2
   312 | D:4      | Reached skill level 3 in Long Blades
   317 | D:5      | Entered Level 5 of the Dungeon
   317 | D:5      | Noticed a howler monkey
   320 | D:5      | Killed a howler monkey
   320 | D:5      | Reached XP level 3. HP: 31/31 MP: 3/3
   335 | D:5      | Noticed a scorpion
   335 | D:5      | Noticed Grinder
   358 | D:4      | Found Ecall's Gadget Emporium.
   367 | D:4      | Noticed a scorpion
   375 | D:4      | Reached XP level 4. HP: 36/38 MP: 4/4
   378 | D:4      | Reached skill level 4 in Long Blades
   427 | D:5      | Noticed an ogre
   435 | D:5      | Slain by an ogre

Vault maps used:
D:1:      lightli_arrival_farm
D:2:      lemuel_doored_altar, minitemple, uniq_iyjb, uniq_crazy_yiuf_cottage,
          uniq_robin
D:4:      grunt_temple_overflow_order_and_chaos_2,
          grunt_temple_overflow_growth_and_decay, xom_redecorated, serial_shops,
          shop, st_stairs_14, uniq_sigmund, uniq_natasha
D:5:      gup_sewer_entry_spiral, first_bread, elyvilon_altar_4,
          uniq_blork_the_orc, uniq_grinder, uniq_edmund

Skill      XL: |  1  2  3  4 |
---------------+-------------+-----
Dodging        | 3 |  3.5
Long Blades    | 3 4 |  4.2
Fighting       | |  3.2
Shields        | |  3.0

Action                   |  1- 3 |  4- 6 || total
-------------------------+-------+-------++-------
Melee: Long sword        |    43 |    10 ||    53
       Tailslap          |     8 |     3 ||    11
Armor: Skin              |    11 |     3 ||    14
Dodge: Dodged            |    19 |     3 ||    22
Block: Shield            |    17 |     2 ||    19
